 Dungeon Crawl Stone Soup version 0.29.1-15-g9cfb28693d (webtiles) character file.

Game seed: 10768585526497192731

11 leafyfresh the Sneak (level 2, -2/21 HPs)
             Began as an Octopode Delver on Mar 3, 2023.
             Slain by an orc
             ... wielding a +0 flail
              (5 damage)
             ... on level 3 of the Dungeon.
             The game lasted 00:00:32 (254 turns).

leafyfresh the Sneak (Octopode Delver)               Turns: 254, Time: 00:00:32

Health: -2/21      AC:  1    Str: 11    XL:     2   Next: 25%
Magic:  2/2        EV: 13    Int: 12    God:
Gold:   21         SH:  0    Dex: 13    Spells: 1/1 levels left

rFire   . . .      SeeInvis .   a - +0 short sword
rCold   . . .      Faith    .   (no shield)
rNeg    . . .      Spirit   .   (helmet restricted)
rPois   .          Reflect  .   (no amulet)
rElec   .          Harm     .   (no ring)
rCorr   .          Rampage  .   (no ring)
Will    .....                   (no ring)
Stlth   ++++......              (no ring)
HPRegen 0.07/turn               (no ring)
MPRegen 0.08/turn               (no ring)
                                (no ring)
                                (no ring)

@: no status effects
A: almost no armour, amphibious, 8 rings, camouflage 1, gelatinous body 1,
(nimble swimmer 1), tentacles
a: no special abilities


You were on level 3 of the Dungeon.
You visited 1 branch of the dungeon, and saw 3 of its levels.

You collected 21 gold pieces.

Inventory:

Hand Weapons
 a - a +0 short sword (weapon)
Wands
 f - a wand of digging (3)
Scrolls
 b - a scroll of fog
 c - a scroll of magic mapping
 d - a scroll of fear
Potions
 e - a potion of haste


   Skills:
 + Level 3.2 Fighting
 - Level 2.0 Short Blades
 + Level 2.3 Dodging
 + Level 6.8 Stealth


You had one spell level left.
You didn't know any spells.
Your spell library contained the following spells:

 Spells                   Type           Power      Damage    Failure   Level
 Slow                     Hex            0%         N/A       32%         1
 Confusing Touch          Hex            0%         N/A       69%         3
 Vampiric Draining        Necr           0%         2d6       69%         3


Dungeon Overview and Level Annotations

Branches:
Dungeon (5/15)
 Temple: D:4-7

Altars:


Innate Abilities, Weirdness & Mutations

You cannot wear most types of armour.
You are amphibious.
You can wear up to eight rings at the same time.
Your skin changes colour to match your surroundings (Stealth+).
Your rubbery body absorbs attacks. (AC +1, EV +1)
((You are camouflaged when in or above water. (Stealth+)))
You have tentacles for arms and can constrict up to eight enemies at once.


Message History

You feel sick.
There is a stone staircase leading down here.
You can't go up here!
You feel sick.
You climb downwards.
You hear the hiss of flowing sand.
There is an entrance to an ossuary on this level.
Hurry and find it before the portal is buried!
You feel sick.
You are no longer poisoned.
There is a stone staircase leading up here.
You start resting.
You hear the slow hiss of a distant avalanche of sand.
You start resting.
You hear the slow hiss of a distant avalanche of sand.
You climb upwards.
There is a stone staircase leading down here.
An orc comes into view. It is wielding a +0 flail.
The orc shouts!
The orc hits you with a +0 short sword.
You are too injured to fight recklessly!
You are too injured to fight recklessly!
You are too injured to fight recklessly!
Unknown command.
You closely miss the orc. You grab the orc. You squeeze the orc!
You kill the orc!
Things that are here:
a +0 short sword; a +0 leather armour The orc hits you with a +0 flail!
* * * LOW HITPOINT WARNING * * *
Things that are here:
a +0 short sword; a +0 leather armour The orc shouts!
You hit the orc. Your grab misses the orc.
The orc is severely wounded.
You hear a shout!
The orc closely misses you.
You barely miss the orc. Your grab misses the orc. Your squeeze misses the orc.
The orc is severely wounded.
The orc hits you with a +0 flail.
You die...

## ... ##.#
##.:.## ##
......# #.
##....$.#
#.####o##.†..(..#
#......#@.#.....#
#..o.## ....#
#..>## ...#
#...........#
......###.....#
#.....#.. .. #
..###.#.# . ....#
..####


You could see an orc.

Vanquished Creatures
  An adder (D:3)
  An orc (D:3)
2 creatures vanquished.

Notes
Turn   | Place    | Note
-------+----------+-------------------------------------------
     0 | D:5      | leafyfresh the Octopode Delver began the quest for the Orb.
     0 | D:5      | Reached XP level 1. HP: 16/16 MP: 1/1
   140 | D:5      | Noticed a jelly
   166 | D:3      | Reached XP level 2. HP: 10/21 MP: 2/2
   254 | D:3      | Slain by an orc

Illustrated notes

Levels and vault maps discovered:
D:3:      layout_rooms
D:4:      layout_basic, marbit_many_paths, nicolae_ossuary_entry_plus,
          uniq_menkaure, uniq_sigmund, uniq_edmund
D:5:      layout_loops_ring, minmay_temple_entry_drinking_statues

Action                   || total
-------------------------++-------
Melee: Short sword       ||     9
       Constrict         ||     2
       Tentacles         ||     1
Dodge: Dodged            ||     5
